 Dungeon Crawl Stone Soup version 0.18-a0-1157-g59db91b (webtiles) character file.

277 M4edhros the Sneak (level 6, 0/38 HPs)
             Began as an Octopode Artificer on Jan 23, 2016.
             Killed by divine providence
             ... invoked by an orc priest
              (14 damage)
             ... on level 4 of the Dungeon.
             The game lasted 00:03:29 (1592 turns).

M4edhros the Sneak (Octopode Artificer)             Turns: 1592, Time: 00:03:30

Health: 0/38       AC:  1    Str: 11    XL:     6   Next: 25%
Magic:  9/9        EV: 13    Int: 16    God:
Gold:   62         SH:  0    Dex: 12    Spells: 0 memorised, 5 levels left

rFire  + . .     SeeInvis .     a - +0 short sword
rCold  x . .     Gourm    .     (no shield)
rNeg   . . .     Faith    .     (helmet restricted)
rPois  .         Spirit   .     (no amulet)
rElec  .         Dismiss  .     h - ring of fire
rCorr  .         Reflect  .     (no ring)
SustAt .         Harm     .     (no ring)
MR     .....                    (no ring)
Stlth  ++++......               (no ring)
                                (no ring)
                                (no ring)
                                (no ring)

@: not resistant to hostile enchantments, stealthy
A: almost no armour, amphibious, 8 rings, constrict 8, camouflage 1, gelatinous
body 1
a: no special abilities


You were on level 4 of the Dungeon.
You were very hungry.

You visited 1 branch of the dungeon, and saw 4 of its levels.

You collected 62 gold pieces.

Inventory:

Hand Weapons
 a - a +0 short sword (weapon)
Missiles
 g - 55 stones (quivered)
 i - 14 sling bullets
Jewellery
 h - a ring of fire (left tentacle)
Wands
 b - a wand of flame (14/48)
 c - a wand of enslavement (10/24)
 d - a wand of random effects (10/48)
Scrolls
 e - 2 scrolls of identify {unknown}
 j - a scroll of teleportation {unknown}
 k - a scroll of enchant armour {unknown}
 l - a scroll of immolation {unknown}
Comestibles
 f - 2 bread rations
 m - a slice of pizza
 n - a meat ration


   Skills:
 - Level 1.0 Fighting
 - Level 1.0 Short Blades
 * Level 4.2 Dodging
 * Level 5.5 Stealth
 + Level 4.4 Evocations


You had 5 spell levels left.
You didn't know any spells.

Dungeon Overview and Level Annotations

Branches:
Dungeon (4/15)
 Temple: D:4-7

Altars:


Innate Abilities, Weirdness & Mutations

You cannot wear most types of armour.
You are amphibious.
You can wear up to eight rings at the same time.
You can use your tentacles to constrict eight enemies at once.
Your skin changes colour to match your surroundings (Stealth).
Your rubbery body absorbs attacks (AC +1).


Message History

This wand has 10 charges left. 2 orcs, an orc priest and a skeleton come into view.
The orc moves out of view.
The orc priest moves out of view.
An orc comes into view. It is wielding a hand axe.
The orc shouts! x3
You hear a shout!
The orc priest hits you with a whip of venom.
Evoke which item? (* to show all) (? for menu, Esc to quit)
Zapping:
c - a wand of enslavement (11/24)
Press: ? - help, Shift-Dir - straight line, f - orc
Aim: an orc, wielding a hand axe (chance to defeat MR: 86%)
The orc priest resists with significant effort.
This wand has 10 charges left.
The orc hits you with a falchion. The orc hits you with a hand axe.
The orc priest mumbles some strange prayers to Beogh against you.
Something smites you! The jackal skeleton misses you.
A killer bee zombie comes into view.
The orc priest mumbles some strange prayers to Beogh against you.
Something smites you!
You die...

########### ..........#
#########.# ### #.######
#..
#############.#....######.#
.......oZ.@...'Z...'.......
##....o#####.#.†).######.#
#....oo.....#....# #.#
#....o......##.### #.#
#...........##.# #.#
+.....!.....##.# #...#.#
#...........##.# ##...#.#
#............... ....#..
##........... ...#<#


You could see 2 orc priests, a killer bee zombie and a jackal skeleton.

Vanquished Creatures
  A golden eye (D:4)
  A giant frog (D:3)
  An orc priest (D:4)
  2 adders
  An ooze (D:3)
  2 giant geckos
  A bat (D:1)
  A giant cockroach (D:2)
  A goblin (D:1)
  7 hobgoblins
  7 jackals
  6 kobolds
  3 giant newts
  3 rats
37 creatures vanquished.

Vanquished Creatures (collateral kills)
  2 orcs (D:4)
  A goblin (D:2)
  3 jackals (D:4)
6 creatures vanquished.

Vanquished Creatures (others)
  A swamp drake (D:4)
  An orc (D:4)
2 creatures vanquished.

Grand Total: 45 creatures vanquished

Notes
Turn   | Place    | Note
--------------------------------------------------------------
     0 | D:1      | M4edhros the Octopode Artificer began the quest for the Orb.
     0 | D:1      | Reached XP level 1. HP: 13/13 MP: 3/3
   250 | D:1      | Reached XP level 2. HP: 18/18 MP: 4/4
   627 | D:2      | Reached XP level 3. HP: 23/23 MP: 5/5
  1110 | D:3      | Noticed a giant frog
  1119 | D:3      | Killed a giant frog
  1119 | D:3      | Reached skill level 4 in Stealth
  1119 | D:3      | Reached XP level 4. HP: 15/28 MP: 5/7
  1327 | D:3      | Reached XP level 5. HP: 30/33 MP: 8/8
  1494 | D:4      | Noticed a swamp drake
  1494 | D:4      | a worker ant changed into a swamp drake
  1496 | D:4      | Noticed an ogre
  1582 | D:4      | Noticed a golden eye
  1582 | D:4      | an ogre changed into a golden eye
  1583 | D:4      | Killed a golden eye
  1583 | D:4      | Reached skill level 5 in Stealth
  1583 | D:4      | Reached XP level 6. HP: 36/38 MP: 9/9
  1592 | D:4      | Killed from afar by an orc priest

Vault maps used:
D:1:      lightli_arrival_isolated_outpost
D:2:      first_bread, kennysheep_another_room
D:3:      nemelex_dance_club_becter
D:4:      nicolae_overflow_crystal_walls, fedhas_altar_1

Action                   |  1- 3 |  4- 6 || total
-------------------------+-------+-------++-------
Melee: Short sword       |    57 |    18 ||    75
Evoke: Wand              |     2 |     9 ||    11
  Use: Potion            |     1 |       ||     1
 Stab: Sleeping          |     3 |     3 ||     6
  Eat: Chunk             |       |     1 ||     1
